 Dungeon Crawl Stone Soup version 0.31-a0-986-g5e6e4ef867 (webtiles) character file.

Game seed: 13639209573993312921

74 Mightysalt the Stinger (level 4, -5/27 HPs)
             Began as an Octopode Venom Mage on Nov 9, 2023.
             Slain by a gnoll
             ... wielding a +0 club
              (6 damage)
             ... on level 3 of the Dungeon.
             The game lasted 00:14:41 (1885 turns).

Mightysalt the Stinger (Octopode Venom Mage)        Turns: 1885, Time: 00:14:41

Health: -5/27      AC:  1    Str:  7    XL:     4   Next: 28%
Magic:  0/8        EV: 13    Int: 19    God:
Gold:   127        SH:  0    Dex: 12    Spells: 4/8 levels left

rFire   . . .        (no weapon)
rCold   . . .        (no shield)
rNeg    . . .        (helmet restricted)
rPois   .            (no amulet)
rElec   .            (no ring)
rCorr   .            (no ring)
SInv    .            (no ring)
Will    .....        (no ring)
Stlth   +++          (no ring)
HPRegen 0.24/turn    (no ring)
MPRegen 0.11/turn    (no ring)
                     (no ring)

%: no passive effects
@: no status effects
A: almost no armour, amphibious, 8 rings, camouflage 1, gelatinous body 1,
(nimble swimmer 1), tentacles
a: no special abilities


You were on level 3 of the Dungeon.
You visited 1 branch of the dungeon, and saw 3 of its levels.

You collected 127 gold pieces.

Inventory:

Jewellery
 h - a ring of magical power
Scrolls
 b - 3 scrolls of teleportation {unknown}
 c - a scroll of immolation {unknown}
 i - a scroll of fear {unknown}
 k - a scroll of identify {unknown}
Potions
 a - 2 potions of magic
 d - a potion of curing {unknown}
 e - a potion of mutation {unknown}
 f - 3 potions of lignification
 g - a potion of might {unknown}
 j - a potion of attraction {unknown}


   Skills:
 + Level 2.5 Dodging
 + Level 3.3 Stealth
 * Level 2.7 Spellcasting
 + Level 1.6 Transmutations
 * Level 4.4 Poison Magic


You had 4 spell levels left.
You knew the following spells:

 Your Spells              Type           Power      Damage    Failure   Level
a - Sting                 Tmut/Pois      56%        1d5       4%          1
b - Poisonous Vapours     Pois/Air       22%        N/A       10%         2
c - Magic Dart            Conj           8%         1d3       16%         1

Your spell library contained the following spells:

 Spells                   Type           Power      Damage    Failure   Level
 Searing Ray              Conj           4%         2d4       24%         2
 Mephitic Cloud           Conj/Pois/Air  8%         N/A       26%         3
 Olgreb's Toxic Radiance  Pois           19%        N/A       26%         4
 Fulminant Prism          Conj/Hex       1%         3d5       83%         4


Dungeon Overview and Level Annotations

Branches:
Dungeon (3/15)

Altars:
The Shining One

Shops:
D:2 ?


Innate Abilities, Weirdness & Mutations

You cannot wear most types of armour.
You are amphibious.
You can wear up to eight rings at the same time.
Your skin changes colour to match your surroundings (Stealth+).
Your rubbery body absorbs attacks. (AC +1, EV +1)
((You are camouflaged when in or above water. (Stealth+)))
You have tentacles for arms and can constrict up to eight enemies at once.


Message History

You grab the gnoll.
The gnoll is moderately wounded.
You constrict the gnoll, but do no damage.
The gnoll barely misses you.
You barely miss the gnoll. You squeeze the gnoll.
The gnoll is severely wounded.
You constrict the gnoll. The gnoll completely misses you.
You tentacle-slap the gnoll.
The gnoll is severely wounded.
You constrict the gnoll. The gnoll misses you.
You tentacle-slap the gnoll but do no damage.
The gnoll is almost dead.
You constrict the gnoll.
You kill the gnoll!
Casting: Magic Dart (safe; 16% risk of failure)
Confirm with . or Enter, or press ? or * to list all spells.
You don't know that spell.
Casting: Magic Dart (safe; 16% risk of failure)
Confirm with . or Enter, or press ? or * to list all spells.
Aiming: Poisonous Vapours (safe; 10% risk of failure)
Press: ? - help, Dir - move target, f - gnoll
Aim: a gnoll, wielding a +0 club Poisonous vapours surround the gnoll!
The gnoll is poisoned.
The gnoll hits you with a +0 club.
* * * LOW HITPOINT WARNING * * *
Your magical contamination has completely faded away.
You barely miss the gnoll. You grab the gnoll. You squeeze the gnoll.
The gnoll is lightly wounded.
You constrict the gnoll, but do no damage.
The gnoll hits you with a +0 club.
* * * LOW HITPOINT WARNING * * *
You tentacle-slap the gnoll but do no damage.
The gnoll is lightly wounded.
You constrict the gnoll, but do no damage.
The gnoll hits you with a +0 club.
* * * LOW HITPOINT WARNING * * *
You tentacle-slap the gnoll but do no damage.
The gnoll is lightly wounded.
You constrict the gnoll. The gnoll hits you with a +0 club.
You die...

#.#.###.####.###.##
#.......#...##
##.## ##.#>####..##
##.######.
..###......#
#........
##.#.####..##
##†####### ......
#...# ##.## ##^###
###..###.## ....
#.#...)# ....
#....#@# . ...
######g# . _.. #.#
#.# ... #!# #.# ..<
#


You could see a gnoll (poisoned).

Vanquished Creatures
  2 gnolls (D:3)
  2 adders
  2 ball pythons (D:2)
  5 endoplasms
  4 giant cockroaches
  2 goblins (D:2)
  5 hobgoblins
  2 kobolds (D:1)
  6 bats
  2 rats
32 creatures vanquished.

Notes
Turn   | Place    | Note
-------+----------+-------------------------------------------
     0 | D:1      | Mightysalt the Octopode Venom Mage began the quest for the
                  | Orb.
     0 | D:1      | Reached XP level 1. HP: 11/11 MP: 3/3
   113 | D:1      | Reached XP level 2. HP: 17/17 MP: 0/5
   728 | D:2      | Reached skill level 4 in Poison Magic
   906 | D:2      | Found Wagraole's Magic Scroll Shoppe.
   917 | D:2      | Reached XP level 3. HP: 20/21 MP: 2/6
  1104 | D:2      | Learned a level 2 spell: Poisonous Vapours
  1106 | D:2      | Learned a level 1 spell: Magic Dart
  1133 | D:2      | Found a faded altar of an unknown god.
  1719 | D:3      | Found a glowing golden altar of the Shining One.
  1873 | D:3      | Reached XP level 4. HP: 18/27 MP: 3/7
  1884 | D:3      | HP: 1/27 [gnoll/+0 club (3)]
  1885 | D:3      | Slain by a gnoll

Illustrated notes

Levels and vault maps discovered:
D:1:      matt_arrival_grand_opening, layout_rooms
D:2:      layout_basic, ebering_ecumenical_altar_abandoned, serial_shops, shop,
          nicolae_concentric_dashed_squares_mild, minmay_misc_feat_diagonals,
          kennysheep_nondescript
D:3:      layout_loops_corners, lemuel_tele_altar, amcnicky_altar_gilded,
          serial_shops, shop, st_stairs_12

Skill      XL: |  1  2 |
---------------+-------+-----
Stealth        | 3 |  3.3
Poison Magic   | 4 |  4.4
Dodging        | |  2.5
Spellcasting   | |  2.7
Transmutations | |  1.6

Action                     |  1- 3 |  4- 6 || total
---------------------------+-------+-------++-------
  Melee: Unarmed           |    76 |     8 ||    84
         Tentacles         |    17 |     2 ||    19
         Constrict         |    14 |     2 ||    16
         Punch             |     2 |       ||     2
   Cast: Sting             |    28 |     1 ||    29
         Magic Dart        |    10 |       ||    10
         Poisonous Vapours |       |     1 ||     1
    Use: Scroll            |     2 |       ||     2
         Potion            |     1 |       ||     1
   Stab: Sleeping          |     2 |       ||     2
 Armour: Skin              |    30 |     5 ||    35
  Dodge: Dodged            |    42 |     3 ||    45

Table legend: (Time is in decaauts)
 A = Elapsed time spent in this place.
 B = Non-inter-level travel time spent in this place.
 C = Inter-level travel time spent in this place.
 D = Time resting spent in this place.
 E = Time spent auto-exploring this place.
 F = Levels seen in this place.
 G = Mean time per level.
                   A        B        C        D        E       F      G
               +--------+--------+--------+--------+--------+-----+--------+
         Total |   1884 |   1727 |    157 |    108 |   1330 |   3 |  628.0 |
       Dungeon |   1884 |   1727 |    157 |    108 |   1330 |   3 |  628.0 |
               +--------+--------+--------+--------+--------+-----+--------+

Top non-repeatable levels by time:
     D:2: 1023 daAuts
     D:1: 557 daAuts
     D:3: 303 daAuts
